 Dungeon Crawl Stone Soup version 0.30-a0-694-g3340775977 (console) character file.

Game seed: 1518384486228544606

56 Ignak the Sneak (level 3, 0/21 HPs)
             Began as an Octopode Hedge Wizard on Jan 20, 2023.
             Constricted to death by a ball python (1 damage)
             ... on level 2 of the Dungeon.
             The game lasted 00:05:00 (1210 turns).

Ignak the Sneak (Octopode Hedge Wizard)             Turns: 1210, Time: 00:05:01

Health: 0/21       AC:  1    Str:  9    XL:     3   Next: 97%
Magic:  1/7        EV: 10    Int: 18    God:
Gold:   46         SH:  0    Dex: 11    Spells: 0/8 levels left

rFire   . . .      SeeInvis .    h - +0 spear
rCold   . . .      Faith    .    (no shield)
rNeg    . . .      Spirit   .    b - +0 hat
rPois   .          Reflect  .    (no amulet)
rElec   .          Harm     .    (no ring)
rCorr   .          Rampage  .    (no ring)
Will    .....                    (no ring)
Stlth   +++                      (no ring)
HPRegen 0.23/turn                (no ring)
MPRegen 0.10/turn                (no ring)
                                 (no ring)
                                 (no ring)

@: lethally poisoned (0 -> -1), constricted
A: almost no armour, amphibious, 8 rings, camouflage 1, gelatinous body 1,
(nimble swimmer 1), tentacles
a: no special abilities


You were on level 2 of the Dungeon.
You visited 1 branch of the dungeon, and saw 2 of its levels.

You collected 46 gold pieces.

Inventory:

Hand Weapons
 h - a +0 spear (weapon)
 j - a +0 short sword
Armour
 b - a +0 hat (worn)
Jewellery
 d - a ring of ice
 f - an amulet of faith
Wands
 o - a wand of polymorph (13)
Scrolls
 e - a scroll of poison {unknown}
 i - a scroll of amnesia {unknown}
 k - a scroll of enchant armour {unknown}
 l - a scroll of noise {unknown}
 n - 2 scrolls of identify {unknown}
Potions
 a - a potion of berserk rage {unknown}
 c - a potion of magic
 g - a potion of heal wounds {unknown}
 m - a potion of lignification {unknown}


   Skills:
 + Level 2.3 Dodging
 + Level 3.3 Stealth
 - Level 1.0 Unarmed Combat
 + Level 3.2 Spellcasting
 + Level 1.6 Conjurations
 + Level 1.5 Summonings
 + Level 1.6 Translocations


You couldn't memorise any spells.
You knew the following spells:

 Your Spells              Type           Power      Damage    Failure   Level
a - Magic Dart            Conj           32%        1d4       9%          1
b - Blink                 Tloc           16%        N/A       12%         2
c - Mephitic Cloud        Conj/Pois/Air  4%         N/A       36%         3
e - Call Imp              Summ           8%         N/A       13%         2

Your spell library contained the following spells:

 Spells                   Type           Power      Damage    Failure   Level
 Apportation              Tloc           16%        N/A       9%          1
 Summon Small Mammal      Summ           32%        N/A       9%          1
 Necrotise                Necr           8%         1d4       16%         1
 Slow                     Hex            8%         N/A       16%         1
 Cigotuvi's Dreadful Rot  Necr/Pois/Air  4%         N/A       24%         2


Dungeon Overview and Level Annotations

Branches:
Dungeon (2/15)

Altars:


Innate Abilities, Weirdness & Mutations

You cannot wear most types of armour.
You are amphibious.
You can wear up to eight rings at the same time.
Your skin changes colour to match your surroundings (Stealth+).
Your rubbery body absorbs attacks. (AC +1, EV +1)
((You are camouflaged when in or above water. (Stealth+)))
You have tentacles for arms and can constrict up to eight enemies at once.


Message History

Confirm with . or Enter, or press ? or * to list all spells.
The spell is astonishingly dangerous to miscast (36% risk of failure)!
Continue anyway?
Aiming: Mephitic Cloud (astonishingly dangerous; 36% risk of failure)
Press: ? - help, Shift-Dir - straight line The ball explodes into a vile cloud!
The stinking cloud engulfs the adder but does no damage.
The adder is lightly wounded.
The stinking cloud engulfs the ball python but does no damage.
The stinking cloud engulfs your crimson imp but does no damage.
You feel sick. The adder closely misses you.
Press: ? - help, v - describe, . - travel
Here: an adder (lightly wounded, ally target)
The floor.
Okay, then.
You closely miss the adder. You grab the adder.
The adder is lightly wounded.
You constrict the adder.
You feel sick. The adder completely misses you.
Your crimson imp barely misses the adder.
A rat comes into view.
Press: ? - help, v - describe, . - travel
Here: an adder (moderately wounded, constricted by you, ally target)
The floor.
You hit the adder.
The adder is severely wounded.
You constrict the adder.
You feel sick. The adder bites you.
* * * LOW HITPOINT WARNING * * *
Your crimson imp hits the adder.
The adder dies!
The ball python bites you.
* * * LOW HITPOINT WARNING * * *
The ball python grabs you. The ball python constricts you.
* * * LOW HITPOINT WARNING * * *
You hit the ball python but do no damage.
You grab the ball python. Your squeeze misses the ball python.
You feel stable enough to blink again.
You constrict the ball python.
* * * LOW HITPOINT WARNING * * *
You feel sick. The ball python barely misses you.
The ball python constricts you.
You die...

## ####### ...##.....##
.r.........##
............#
.......@....#
......S.....#
........5...# #
.........†.[### #
.........)....### #
...........##...# #
...##.....#####.########
### ##.#### #........†
#. ##########


You could see a ball python (ally target), a rat and a friendly crimson imp
(summoned).

Vanquished Creatures
  2 dart slugs (D:1)
  4 ball pythons
  5 endoplasms
  5 goblins
  3 hobgoblins
  4 quokkas
  4 bats
  A frilled lizard (D:1)
  3 kobolds
  4 rats
35 creatures vanquished.

Vanquished Creatures (collateral kills)
  An adder (D:2)
  An endoplasm (D:1)
  A bat (D:2)
  A frilled lizard (D:1)
  2 kobolds
6 creatures vanquished.

Grand Total: 41 creatures vanquished

Notes
Turn   | Place    | Note
-------+----------+-------------------------------------------
     0 | D:1      | Ignak the Octopode Hedge Wizard began the quest for the
                  | Orb.
     0 | D:1      | Reached XP level 1. HP: 11/11 MP: 4/4
   201 | D:1      | Reached XP level 2. HP: 15/17 MP: 6/6
   206 | D:1      | Learned a level 2 spell: Blink
   209 | D:1      | Learned a level 2 spell: Call Imp
   354 | D:1      | Found a faded altar of an unknown god.
   368 | D:1      | Reached XP level 3. HP: 20/21 MP: 4/7
   374 | D:1      | Learned a level 3 spell: Mephitic Cloud
  1196 | D:2      | Reached skill level 1 in Unarmed Combat
  1210 | D:2      | HP: 1/21 [poisoned by a kobold]
  1210 | D:2      | Constricted to death by a ball python

Illustrated notes

Levels and vault maps discovered:
D:1:      elethiomel_arrival_infinity_welcomes_careful_drivers, layout_rooms,
          hellmonk_ecumenical_altar_run_dry
D:2:      layout_rooms

Skill      XL: |  1  2  3 |
---------------+----------+-----
Stealth        | 3 |  3.3
Unarmed Combat | 1 |  1.0
Dodging        | |  2.3
Spellcasting   | |  3.2
Conjurations   | |  1.6
Summonings     | |  1.5
Translocations | |  1.6

Action                   || total
-------------------------++-------
Melee: Dagger            ||    18
       Constrict         ||    21
       Punch             ||     4
       Spear             ||    69
       Tentacles         ||    12
 Cast: Call Imp          ||    11
       Mephitic Cloud    ||     1
       Blink             ||     1
 Stab: Sleeping          ||    10
Armor: Skin              ||    10
Dodge: Dodged            ||    64

Table legend: (Time is in decaauts)
 A = Elapsed time spent in this place.
 B = Non-inter-level travel time spent in this place.
 C = Inter-level travel time spent in this place.
 D = Time resting spent in this place.
 E = Time spent auto-exploring this place.
 F = Levels seen in this place.
 G = Mean time per level.
                   A        B        C        D        E       F      G
               +--------+--------+--------+--------+--------+-----+--------+
         Total |   1216 |   1216 |      0 |     38 |    742 |   2 |  608.0 |
       Dungeon |   1216 |   1216 |      0 |     38 |    742 |   2 |  608.0 |
               +--------+--------+--------+--------+--------+-----+--------+

Top non-repeatable levels by time:
     D:1: 852 daAuts
     D:2: 363 daAuts
